 Dungeon Crawl Stone Soup version 0.30-a0-223-gcb0039aa0c (webtiles) character file.

Game seed: 8914594363365828348

3252 qw the Cleaver (level 9, -4/57 HPs)
             Began as a Gargoyle Fighter on Oct 9, 2022.
             Was a Believer of Okawaru.
             Killed from afar by an acid dragon (13 damage)
             ... with a splash of acid
             ... on level 8 of the Dungeon.
             The game lasted 00:03:01 (6982 turns).

qw the Cleaver (Gargoyle Fighter)                   Turns: 6982, Time: 00:03:02

Health: -4/57      AC: 23    Str: 23    XL:     9   Next: 99%
Magic:  11/12      EV: 10    Int: 10    God:    Okawaru [**....]
Gold:   363        SH:  5    Dex:  9    Spells: 8/8 levels left

rFire   . . .      SeeInvis .    Y - +0 war axe (protect)
rCold   . . .      Faith    .    c - +0 buckler
rNeg    + + .      Spirit   .    a - +0 chain mail
rPois   inf        Reflect  .    j - +0 helmet
rElec   +          Harm     .    (no cloak)
rCorr   .          Rampage  .    f - +0 pair of gloves
Will    .....                    (no boots)
Stlth   ..........               (no amulet)
HPRegen 0.29/turn                q - ring of positive energy
MPRegen 0.13/turn                (no ring)

@: about to teleport, heroic, corroded, under a protective aura
A: sickness immunity, AC +6, negative energy resistance 1, electricity
resistance, torment resistance 1, petrification resistance
a: Renounce Religion, Heroism


You were on level 8 of the Dungeon.
You worshipped Okawaru.
Okawaru was pleased with you.
You visited 2 branches of the dungeon, and saw 9 of its levels.

You collected 471 gold pieces.
You spent 108 gold pieces at shops.


Innate Abilities, Weirdness & Mutations

You are immune to sickness and miasma.
Your stone body is resilient. (AC +6)
You are immune to poison.
You resist negative energy. (rN+)
You are resistant to electric shocks. (rElec)
You are resistant to unholy torment.
You are immune to petrification.


   Skills:
 + Level 7.0(12.0) Fighting
 - Level 10.0(15.0) Axes
 - Level 1.3(6.3) Throwing
 - Level 5.0(10.0) Armour
 - Level 1.8(6.8) Dodging
 - Level 4.1(9.1) Shields
 - Level 4.0 Invocations


You had 8 spell levels left.
You didn't know any spells.
Your spell library was empty.

Inventory:

Hand Weapons
 r - a +2 flail of protection
 Y - a +0 war axe of protection (weapon)
Armour
 a - a +0 chain mail (worn)
 c - a +0 buckler (worn)
 f - a +0 pair of gloves (worn)
 j - a +0 helmet (worn)
 s - a +2 ring mail of fire resistance
Jewellery
 b - a +6 ring of dexterity
 q - a ring of positive energy (left hand)
Scrolls
 g - 2 scrolls of teleportation
 u - 2 scrolls of identify
Potions
 d - a potion of might
 e - a potion of ambrosia {unknown}
 h - 4 potions of lignification
 i - a potion of flight {unknown}
 k - a potion of heal wounds
 l - a potion of haste
 m - a potion of degeneration {unknown}
 n - 2 potions of attraction
 o - a potion of cancellation
 p - 4 potions of curing

Dungeon Overview and Level Annotations

Branches:
Dungeon (8/15)             Temple (1/1) D:5
   Lair: D:8-11

Altars:
Ashenzari
Cheibriados
Dithmenos
Elyvilon
Fedhas
Gozag
Hepliaklqana
Kikubaaqudgha
Makhleb
Nemelex Xobeh
Okawaru
Ru
Sif Muna
Trog
Uskayaw
Vehumet
Wu Jian
Xom
Yredelemnul
The Shining One

Shops:
D:4 ![((   D:7 *

Annotations:
D:5 1 runed translucent door, Crazy Yiuf


Message History

The yak closely misses you.
You slash the yak!
The yak is heavily wounded.
You slash the yak!
The yak is severely wounded.
The yak gores you!
You slice the yak!!
You kill the yak!
Okawaru accepts your kill. The acid dragon spits acid at you.
The splash of acid hits you. The acid corrodes you!
You hear a shout!
Your base Axes skill increases to level 10!
Found a Fen Folio.
An orc comes into view. It is wielding a +0 hand axe.
The acid dragon misses you.
The acid dragon claws you but does no damage.
There is an open door, spattered with blood here.
You see here a bullfrog corpse.
The orc shouts!
You slash the acid dragon!
The acid dragon is moderately wounded.
The acid dragon bites you but does no damage.
You block the acid dragon's attack.
You barely miss the acid dragon.
The acid dragon is moderately wounded.
The acid dragon bites you!
The acid dragon claws you but does no damage.
You hit the acid dragon.
The acid dragon is moderately wounded.
You barely miss the acid dragon.
The acid dragon is moderately wounded.
An orc comes into view. It is wielding a +0 dagger.
The acid dragon bites you. The acid dragon claws you.
6982 ||| READING 3 scrolls of teleportation.
As you read the scroll of teleportation, it crumbles to dust.
You feel strangely unstable. The acid dragon spits acid at you.
The splash of acid hits you!
You die...

...........###........
#####.../...........
###.......#...
#....)...## ...
###.##..###....
###.....<....
##.......#.
#........o.
###@#######
....o..D.......
.#.#.#.#.#.#.#: # ..
.. # ### ###


You could see an acid dragon (catching breath) and 2 orcs.

Vanquished Creatures
  Grinder (D:5)
  A yak (D:8)
  Menkaure (D:4)
  Edmund (D:5)
  3 orc warriors
  2 ice beasts (D:6)
  2 centaurs
  4 ogres
  A kobold brigand (D:5)
  A phantom (D:5)
  Blork the orc (D:5)
  4 bullfrogs
  A gnoll sergeant (D:8)
  3 scorpions
  3 wights (D:6)
  2 howler monkeys (D:7)
  2 orc priests
  A gnoll bouda (D:6)
  A hound (D:6)
  4 iguanas
  Jessica (D:2)
  6 orc wizards
  5 gnolls (D:6)
  7 adders
  11 river rats (D:6)
  A shadow imp (D:7)
  4 white imps
  3 worms
  2 dart slugs
  19 orcs
  13 endoplasms
  5 giant cockroaches
  3 hobgoblins
  4 jackals (D:2)
  10 kobolds
  8 quokkas
  6 ball pythons
  3 bats
  5 frilled lizards
  4 goblins
  22 rats
181 creatures vanquished.

Vanquished Creatures (others)
  10 plants (D:5)
10 creatures vanquished.

Grand Total: 191 creatures vanquished

Notes
Turn   | Place    | Note
-------+----------+-------------------------------------------
     0 | D:1      | qw the Gargoyle Fighter began the quest for the Orb.
     0 | D:1      | Reached XP level 1. HP: 14/14 MP: 1/1
     0 | D:1      | 0 ||| qw: Version: 0.2-a-17-g06abaee
     0 | D:1      | 0 ||| qw: Game counter: 2082
     0 | D:1      | 0 ||| qw: Always use a shield: true
     0 | D:1      | 0 ||| qw: God list: Okawaru
     0 | D:1      | 0 ||| qw: Allow faded altars: false
     0 | D:1      | 0 ||| qw: Do Orc after D:15 true
     0 | D:1      | 0 ||| qw: Do second Lair branch before Depths: true
     0 | D:1      | 0 ||| qw: Lair rune preference: random
     0 | D:1      | 0 ||| qw: Plans: Normal, Zot:1-4, God:TSO, Crypt, Tomb,
                  | Pan, Slime:5, Hells, Abyss, Orb
     0 | D:1      | 0 ||| PLANNING D:1-11
    68 | D:1      | 68 ||| Stepping ~*~*~tactically~*~*~ (hiding).
    69 | D:1      | 69 ||| Stepping ~*~*~tactically~*~*~ (hiding).
    70 | D:1      | 70 ||| Stepping ~*~*~tactically~*~*~ (hiding).
    71 | D:1      | 71 ||| Stepping ~*~*~tactically~*~*~ (hiding).
    77 | D:1      | Reached skill level 2 in Axes
   197 | D:1      | Found a faded altar of an unknown god.
   315 | D:1      | Reached XP level 2. HP: 19/19 MP: 2/2
   438 | D:1      | 438 ||| Stepping ~*~*~tactically~*~*~ (stealth).
   441 | D:1      | 441 ||| Stepping ~*~*~tactically~*~*~ (stealth).
   450 | D:1      | 450 ||| Stepping ~*~*~tactically~*~*~ (stealth).
   455 | D:1      | 455 ||| Stepping ~*~*~tactically~*~*~ (stealth).
   633 | D:1      | 633 ||| UPGRADING to +0 pair of gloves.
   638 | D:1      | 638 ||| READING scroll labelled DUHAFU QELAGO.
   639 | D:1      | 639 ||| READING scroll labelled VEXATH WEGE.
   640 | D:1      | 640 ||| READING scroll labelled URIHUTHROXI.
   643 | D:1      | 643 ||| READING scroll labelled UGOMAB ZOPHAOJOSI.
   644 | D:1      | 644 ||| READING scroll labelled LEAMICZESO.
   645 | D:1      | 645 ||| READING scroll labelled SAGEKE NYRO.
   646 | D:1      | 646 ||| READING scroll labelled NACSEFUOMOUQI.
   647 | D:1      | 647 ||| READING scroll labelled OCE JUJUOTWU.
   772 | D:2      | 772 ||| STAIRDANCE
   778 | D:1      | 778 ||| DROPPING +0 club.
   786 | D:2      | 786 ||| STAIRDANCE
   891 | D:2      | Reached skill level 3 in Axes
   891 | D:2      | Reached XP level 3. HP: 19/23 MP: 3/3
  1032 | D:2      | Noticed Jessica
  1040 | D:2      | Killed Jessica
  1041 | D:2      | Reached XP level 4. HP: 20/28 MP: 4/4
  1148 | D:2      | 1148 ||| Stepping ~*~*~tactically~*~*~ (stealth).
  1149 | D:2      | 1149 ||| Stepping ~*~*~tactically~*~*~ (stealth).
  1150 | D:2      | 1150 ||| Stepping ~*~*~tactically~*~*~ (stealth).
  1151 | D:2      | 1151 ||| Stepping ~*~*~tactically~*~*~ (stealth).
  1153 | D:2      | 1153 ||| Stepping ~*~*~tactically~*~*~ (stealth).
  1159 | D:2      | Reached skill level 4 in Axes
  1443 | D:2      | 1443 ||| READING scroll labelled UHIMA BUEPAR.
  1803 | D:3      | 1803 ||| Stepping ~*~*~tactically~*~*~ (stealth).
  1804 | D:3      | 1804 ||| Stepping ~*~*~tactically~*~*~ (stealth).
  1806 | D:3      | 1806 ||| Stepping ~*~*~tactically~*~*~ (stealth).
  1807 | D:3      | 1807 ||| Stepping ~*~*~tactically~*~*~ (stealth).
  1820 | D:3      | Reached XP level 5. HP: 21/32 MP: 5/5
  1854 | D:3      | 1854 ||| FLEEEEING.
  1855 | D:3      | 1855 ||| FLEEEEING.
  1857 | D:3      | 1857 ||| FLEEEEING.
  1858 | D:3      | 1858 ||| FLEEEEING.
  1859 | D:3      | 1859 ||| FLEEEEING.
  1860 | D:3      | 1860 ||| FLEEEEING.
  1861 | D:3      | 1861 ||| FLEEEEING.
  1863 | D:3      | 1863 ||| FLEEEEING.
  1864 | D:3      | 1864 ||| FLEEEEING.
  1865 | D:3      | 1865 ||| FLEEEEING.
  2311 | D:3      | 2311 ||| READING scroll labelled MIM ZIAFOMI.
  2312 | D:3      | 2312 ||| READING scroll labelled OJONGYLOWK.
  2345 | D:4      | Found Toalij's Weapon Shop.
  2369 | D:4      | Noticed an ogre
  2370 | D:4      | 2370 ||| Stepping ~*~*~tactically~*~*~ (stealth).
  2371 | D:4      | 2371 ||| Stepping ~*~*~tactically~*~*~ (stealth).
  2381 | D:4      | Killed an ogre
  2382 | D:4      | Reached skill level 5 in Axes
  2485 | D:4      | 2485 ||| Stepping ~*~*~tactically~*~*~ (hiding).
  2493 | D:4      | Reached XP level 6. HP: 34/38 MP: 6/6
  2507 | D:4      | 2507 ||| Stepping ~*~*~tactically~*~*~ (stealth).
  2534 | D:4      | Found Gues's Armour Boutique.
  2537 | D:4      | Found Wam Heixt's Weapon Boutique.
  2540 | D:4      | 2540 ||| SHOPLISTING +2 cloak of poison resistance (240
                  | gold, have 228).
  2585 | D:4      | Reached skill level 1 in Dodging
  2724 | D:4      | Noticed Menkaure
  2730 | D:4      | Killed Menkaure
  2731 | D:4      | Reached skill level 6 in Axes
  2731 | D:4      | Reached XP level 7. HP: 25/43 MP: 7/7
  2938 | D:4      | Found Estrun's Distillery.
  2941 | D:4      | 2941 ||| BUYING potion of heal wounds (55 gold).
  2941 | D:4      | Bought a potion of heal wounds for 55 gold pieces
  2941 | D:4      | 2941 ||| BUYING potion of lignification (33 gold).
  2941 | D:4      | Bought a potion of lignification for 33 gold pieces
  2944 | D:4      | 2944 ||| READING scroll labelled GEHIOQ EMERGH.
  2945 | D:4      | 2945 ||| READING scroll labelled ARPHAPA INLEM.
  2946 | D:4      | 2946 ||| DRINKING 2 murky puce potions.
  2947 | D:4      | 2947 ||| DRINKING 2 green potions.
  2965 | D:5      | Entered Level 5 of the Dungeon
  2974 | D:5      | 2974 ||| Stepping ~*~*~tactically~*~*~ (stealth).
  2975 | D:5      | 2975 ||| Stepping ~*~*~tactically~*~*~ (stealth).
  3010 | D:5      | Found a staircase to the Ecumenical Temple.
  3011 | D:5      | 3011 ||| PLANNING TEMPLE
  3025 | Temple   | Entered the Ecumenical Temple
  3222 | Temple   | 3222 ||| PLANNING OKAWARU WORSHIP
  3360 | Temple   | Became a worshipper of Warmaster Okawaru
  3361 | Temple   | 3361 ||| PLANNING D:1-11
  3408 | D:5      | Noticed Blork the orc
  3409 | D:5      | 3409 ||| Stepping ~*~*~tactically~*~*~ (hiding).
  3410 | D:5      | 3410 ||| Stepping ~*~*~tactically~*~*~ (hiding).
  3423 | D:5      | Killed Blork the orc
  3424 | D:5      | Reached skill level 7 in Axes
  3515 | D:5      | Reached XP level 8. HP: 28/49 MP: 8/8
  3647 | D:5      | Reached skill level 1 in Throwing
  3761 | D:5      | Noticed Grinder
  3773 | D:5      | Paralysed by Grinder for 3 turns
  3798 | D:5      | Killed Grinder
  3847 | D:5      | 3847 ||| DROPPING +0 whip.
  3914 | D:5      | 3914 ||| DROPPING +1 whip of freezing.
  3925 | D:5      | 3925 ||| Stepping ~*~*~tactically~*~*~ (stealth).
  3939 | D:5      | 3939 ||| Stepping ~*~*~tactically~*~*~ (stealth).
  3956 | D:5      | Reached * piety under Okawaru
  3965 | D:5      | 3965 ||| FLEEEEING.
  3966 | D:5      | 3966 ||| FLEEEEING.
  3967 | D:5      | 3967 ||| FLEEEEING.
  3968 | D:5      | 3968 ||| FLEEEEING.
  4102 | D:5      | Found a runed translucent door.
  4103 | D:5      | Noticed Crazy Yiuf
  4196 | D:5      | Noticed Edmund
  4197 | D:5      | 4197 ||| INVOKING Heroism.
  4208 | D:5      | 4208 ||| INVOKING Heroism.
  4213 | D:5      | Killed Edmund
  4214 | D:5      | Reached skill level 8 in Axes
  4278 | D:5      | 4278 ||| DROPPING +0 vorpal flail.
  4461 | D:5      | 4461 ||| UPGRADING to +2 ring mail of fire resistance.
  4471 | D:5      | 4471 ||| DROPPING +0 scale mail.
  4472 | D:5      | 4472 ||| UPGRADING to ring of positive energy.
  4473 | D:5      | 4473 ||| DRINKING 3 sedimented white potions.
  4533 | D:6      | Reached skill level 1 in Invocations
  4543 | D:6      | 4543 ||| Stepping ~*~*~tactically~*~*~ (stealth).
  4545 | D:6      | 4545 ||| Stepping ~*~*~tactically~*~*~ (hiding).
  4547 | D:6      | 4547 ||| INVOKING Heroism.
  4563 | D:6      | 4563 ||| INVOKING Heroism.
  4565 | D:6      | Reached skill level 6 in Fighting
  4761 | D:6      | 4761 ||| INVOKING Heroism.
  4772 | D:6      | Reached XP level 9. HP: 36/55 MP: 8/10
  4775 | D:6      | 4775 ||| INVOKING Heroism.
  4781 | D:6      | Reached skill level 9 in Axes
  4781 | D:6      | Reached skill level 3 in Invocations
  4792 | D:6      | 4792 ||| Stepping ~*~*~tactically~*~*~ (stealth).
  4795 | D:6      | 4795 ||| Stepping ~*~*~tactically~*~*~ (stealth).
  4798 | D:6      | 4798 ||| INVOKING Heroism.
  5082 | D:6      | 5082 ||| INVOKING Heroism.
  5198 | D:6      | Noticed a boulder beetle
  5199 | D:6      | 5199 ||| INVOKING Heroism.
  5223 | D:6      | 5223 ||| INVOKING Heroism.
  5223 | D:6      | HP: 11/55 [boulder beetle (6)]
  5224 | D:6      | 5224 ||| READING 4 scrolls of teleportation.
  5225 | D:6      | 5225 ||| DRINKING 2 potions of heal wounds.
  5370 | D:6      | 5370 ||| Stepping ~*~*~tactically~*~*~ (hiding).
  5374 | D:6      | 5374 ||| INVOKING Heroism.
  5382 | D:6      | 5382 ||| Stepping ~*~*~tactically~*~*~ (stealth).
  5394 | D:6      | 5394 ||| INVOKING Heroism.
  5411 | D:6      | 5411 ||| INVOKING Heroism.
  5434 | D:6      | 5434 ||| INVOKING Heroism.
  5452 | D:6      | 5452 ||| Stepping ~*~*~tactically~*~*~ (stealth).
  5468 | D:6      | 5468 ||| Stepping ~*~*~tactically~*~*~ (stealth).
  5469 | D:6      | 5469 ||| Stepping ~*~*~tactically~*~*~ (stealth).
  5477 | D:6      | 5477 ||| Stepping ~*~*~tactically~*~*~ (stealth).
  5481 | D:6      | 5481 ||| Stepping ~*~*~tactically~*~*~ (stealth).
  5601 | D:6      | 5601 ||| INVOKING Heroism.
  5763 | D:6      | 5763 ||| UPGRADING to +0 chain mail.
  5773 | D:6      | 5773 ||| UPGRADING to +0 helmet.
  5778 | D:6      | 5778 ||| DROPPING ring of wizardry.
  5779 | D:6      | 5779 ||| DRINKING 2 silvery potions.
  6032 | D:7      | 6032 ||| INVOKING Heroism.
  6051 | D:7      | 6051 ||| Stepping ~*~*~tactically~*~*~ (stealth).
  6055 | D:7      | 6055 ||| Stepping ~*~*~tactically~*~*~ (hiding).
  6056 | D:7      | 6056 ||| Stepping ~*~*~tactically~*~*~ (hiding).
  6062 | D:7      | 6062 ||| INVOKING Heroism.
  6088 | D:7      | 6088 ||| INVOKING Heroism.
  6401 | D:7      | Found Musid's General Store.
  6407 | D:7      | 6407 ||| BUYING scroll of identify (20 gold).
  6407 | D:7      | Bought a scroll of identify for 20 gold pieces
  6744 | D:7      | 6744 ||| READING 2 scrolls labelled YLESTRASEHEH.
  6745 | D:7      | 6745 ||| READING 2 scrolls of identify.
  6745 | D:7      | 6745 ||| IDENTIFYING clear potion
  6746 | D:7      | 6746 ||| DROPPING potion of berserk rage.
  6747 | D:7      | 6747 ||| DROPPING scroll of immolation.
  6864 | D:8      | 6864 ||| INVOKING Heroism.
  6973 | D:8      | 6973 ||| INVOKING Heroism.
  6976 | D:8      | Reached ** piety under Okawaru
  6977 | D:8      | Reached skill level 10 in Axes
  6981 | D:8      | HP: 11/57 [acid dragon (6)]
  6982 | D:8      | 6982 ||| READING 3 scrolls of teleportation.
  6982 | D:8      | Killed from afar by an acid dragon

Levels and vault maps discovered:
D:1:      spicycebolla_green_bress_n_ham_2, layout_rooms,
          hellmonk_ecumenical_altar_defaced_shrine, serial_bayou_crossing
D:2:      layout_basic, uniq_jessica
D:3:      layout_loops_ring, corexii_corridor_pit, minmay_misc_feat_ornament
D:4:      nicolae_cairo_tiling, layout_rooms, serial_shops, shop,
          kennysheep_mini, nicolae_shop_waterfront, shop,
          minmay_misc_feat_square, uniq_menkaure
D:5:      layout_loops_cross, minmay_temple_entry_sparse_star,
          lexackson_kobold_supper, uniq_edmund, uniq_crazy_yiuf_cottage,
          uniq_blork_the_orc, uniq_grinder
D:6:      lemuel_ratsnest, layout_basic, minmay_microvault
D:7:      layout_basic, serial_shops, kennysheep_little_box, grunt_decor_clamped
D:8:      layout_cave_pools, hangedman_minor_gate_pass
Temple:   mainiacjoe_temple_cubbyholes

Skill      XL: |  1  2  3  4  5  6  7  8  9 |
---------------+----------------------------+-----
Axes           | 2 3 4 5 6 7 8 10 | 10.0
Fighting       | 4 5 6 7 |  7.0
Dodging        | 1 |  1.8
Throwing       | 1 |  1.3
Invocations    | 2 4 |  4.0
Shields        | 4 |  4.1
Armour         | 5 |  5.0

Action                   |  1- 3 |  4- 6 |  7- 9 || total
-------------------------+-------+-------+-------++-------
Melee: War axe           |    89 |   132 |   471 ||   692
Throw: Boomerang         |       |    32 |    24 ||    56
Invok: Heroism           |       |       |    20 ||    20
  Use: Scroll            |     8 |     3 |     6 ||    17
       Potion            |       |       |     5 ||     5
 Stab: Distracted        |       |       |     1 ||     1
Armor: Scale mail        |    59 |    59 |    57 ||   175
       Ring mail         |       |       |   104 ||   104
       Chain mail        |       |       |    50 ||    50
Dodge: Dodged            |    41 |    48 |   203 ||   292
Block: Buckler           |    15 |    14 |    84 ||   113

Table legend:
 A = Non-vault XP
 B = Vault XP
 C = Vault XP percentage of total XP
 D = Non-vault monster count
 E = Vault monster count
 F = Vault count percentage of total count
                 A         B        C        D         E       F
            +---------+---------+-------+---------+---------+-------
      Total |    2863 |    1784 |  38.4 |     126 |      55 |  30.4
            +---------+---------+-------+---------+---------+-------
        D:1 |      16 |       6 |  27.3 |      10 |       2 |  16.7
        D:2 |      64 |      37 |  36.6 |      24 |       1 |   4.0
        D:3 |      62 |       0 |   0.0 |      23 |       0 |   0.0
        D:4 |     343 |     183 |  34.8 |      16 |       1 |   5.9
        D:5 |     498 |     625 |  55.7 |      10 |      11 |  52.4
        D:6 |    1049 |     445 |  29.8 |      28 |      35 |  55.6
        D:7 |     831 |       0 |   0.0 |      15 |       0 |   0.0
        D:8 |       0 |     488 | 100.0 |       0 |       5 | 100.0
            +---------+---------+-------+---------+---------+-------
